 Dungeon Crawl Stone Soup version 0.19-a0-1886-gd64a0f0 (webtiles) character file.

12560 Leibowitz the Impaler (level 11, 0/89 HPs)
             Began as a Merfolk Gladiator on Oct 15, 2016.
             Was an Initiate of Gozag.
             Slain by a warg (8 damage)
             ... on level 1 of the Orcish Mines.
             The game lasted 00:40:22 (11270 turns).

Leibowitz the Impaler (Merfolk Gladiator)          Turns: 11270, Time: 00:40:23

Health: 0/89       AC: 10    Str: 16      XL:     11   Next: 95%
Magic:  13/13      EV: 22    Int:  5 (7)  God:    Gozag
Gold:   556        SH:  0    Dex: 22      Spells: 0 memorised, 10 levels left

rFire  . . .     SeeInvis .     a - +1 glaive
rCold  . . .     Gourm    .     r - +3 leather armour "Ninum" {rN+ Dex+2}
rNeg   + . .     Faith    .     (shield currently unavailable)
rPois  .         Spirit   .     c - +0 helmet
rElec  .         Dismiss  .     (no cloak)
rCorr  .         Reflect  .     (no gloves)
MR     +....     Harm     .     J - +1 pair of boots
Stlth  +++.......               v - amulet of rage
                                h - +2 ring of dexterity
                                l - ring of protection from magic

@: lethally poisoned (0 -> -1)
A: change form in water, swift swim, stealthy swim
a: Potion Petition, Call Merchant, Bribe Branch, Renounce Religion, Evoke
Berserk Rage


You were on level 1 of the Orcish Mines.
You worshipped Gozag.
Gozag was pleased with you.
You were not hungry.

You visited 3 branches of the dungeon, and saw 11 of its levels.

You collected 2162 gold pieces.
You spent 149 gold pieces at shops.
You paid 1457 gold pieces to Gozag.

Inventory:

Hand Weapons
 a - a +1 glaive (weapon)
 i - a +0 trident
Missiles
 s - 31 poisoned needles
 F - a throwing net (quivered)
Armour
 c - a +0 helmet (worn)
 r - the +3 leather armour "Ninum" (worn) {rN+ Dex+2}
   (You found it on level 9 of the Dungeon)

   It affects your dexterity (+2).
   It protects you from negative energy.
 J - a +1 pair of boots (worn)
Jewellery
 h - a +2 ring of dexterity (right hand)
 l - a ring of protection from magic (left hand)
 u - an uncursed ring of see invisible
 v - an amulet of rage (around neck)
Wands
 e - a wand of flame (34/48)
 E - a wand of acid (9/15)
 I - a wand of confusion (22/48)
Scrolls
 b - a scroll of blinking
 d - a scroll of remove curse
 k - 3 scrolls of enchant weapon
 n - 6 scrolls of identify
 w - 5 scrolls of magic mapping
 z - 2 scrolls of teleportation
Potions
 g - 7 potions of curing
 j - 2 potions of invisibility
 p - 2 potions of lignification
 q - a potion of ambrosia
 x - 2 potions of cancellation
 D - 3 potions of brilliance
Comestibles
 f - a bread ration
 m - a beef jerky
 o - 4 meat rations


   Skills:
 * Level 9.5 Fighting
 * Level 16.7 Polearms
 + Level 2.1 Throwing
 * Level 5.4 Armour
 * Level 11.3 Dodging
 + Level 5.0 Stealth
 + Level 2.8 Evocations


You had 10 spell levels left.
You didn't know any spells.

Dungeon Overview and Level Annotations

Branches:
Dungeon (9/15)             Temple (1/1) D:5            Lair (0/6) D:8
    Orc (1/2) D:9

Altars:
Ashenzari
Cheibriados
Dithmenos
Elyvilon
Fedhas
Gozag
Hepliaklqana
Kikubaaqudgha
Makhleb
Nemelex Xobeh
Okawaru
Qazlal
Ru
Sif Muna
Trog
Uskayaw
Vehumet
Xom
Yredelemnul
Zin
The Shining One

Shops:
D:6 *   D:9 %[

Annotations:
D:9 exclusion: orange crystal statue


Message History

The warg misses you.
You slice the warg!!
The warg is severely wounded.
You feel sick. The warg barely misses you. The warg bites you!
* * * LOW HITPOINT WARNING * * *
You slash the warg!
The warg is almost dead.
The warg stops to sniff the ground.
The warg bites you but does no damage.
You closely miss the warg.
The warg is almost dead.
The warg barely misses you.
You hit the warg.
The warg is almost dead.
The warg barely misses you.
You closely miss the warg.
The warg is almost dead.
The warg bites you!
You die...
Your body crumbles into a pile of gold.

............#.........#
.....................##
...................##
#....#..........#..
#....#..#.........
##...#.###........
##.#.$..#...#....
##$####$#............
#......@h##....##...
..........##.......
#.##.............
#.#...........
#..............
#.........#..
##.###...#... $ ##
..##..


You could see a warg.

Vanquished Creatures
  Pikel (D:5)
  The ghost of Deemzul the Slasher, a novice OpBe of Trog (D:5)
  An orc sorcerer (Orc:1)
  A troll (D:9)
  2 two-headed ogres
  2 hippogriffs (D:8)
  A yak (D:8)
  A wyvern (D:8)
  A hungry ghost (D:9)
  A water moccasin (D:9)
  Duvessa (D:7)
  9 orc warriors
  A swamp drake (D:9)
  3 ice beasts
  3 sky beasts
  2 slaves (D:5)
  A black bear (D:6)
  7 ogres
  A hornet zombie (D:8)
  A necrophage (D:5)
  A phantom (D:4)
  4 centaurs
  The ghost of Deemzul the Ducker, an amateur OpFi (D:4)
  A big kobold (D:9)
  6 bullfrogs
  Dowan (D:7)
  2 scorpions
  3 wights (D:8)
  11 killer bees
  7 crimson imps
  A quasit (D:9)
  A centaur zombie (D:5)
  3 bullfrog skeletons
  A gnoll shaman (D:8)
  3 hounds
  6 orc priests
  2 centaur skeletons
  A jelly (D:8)
  6 iguanas
  11 orc wizards
  4 worker ants
  13 adders
  6 gnolls
  2 river rats (D:8)
  4 shadow imps
  3 oozes
  2 adder skeletons
  4 leopard geckos
  46 orcs
  5 giant cockroaches
  12 goblins
  8 hobgoblins
  13 jackals
  13 kobolds
  5 quokkas
  14 bats
  8 frilled lizards
  A jackal skeleton (D:5)
  A leopard gecko skeleton (D:4)
  2 quokka skeletons
  A quokka zombie (D:8)
  15 rats
295 creatures vanquished.

Vanquished Creatures (others)
  A giant cockroach (D:5)
  A fungus (D:8)
  2 plants
4 creatures vanquished.

Grand Total: 299 creatures vanquished

Notes
Turn   | Place    | Note
-------+----------+-------------------------------------------
     0 | D:1      | Leibowitz the Merfolk Gladiator began the quest for the Orb.
     0 | D:1      | Reached XP level 1. HP: 16/16 MP: 1/1
   126 | D:1      | Reached XP level 2. HP: 12/22 MP: 2/2
   145 | D:1      | Reached skill level 5 in Polearms
   731 | D:1      | Reached XP level 3. HP: 6/27 MP: 3/3
  1336 | D:2      | Reached XP level 4. HP: 31/33 MP: 4/4
  1826 | D:2      | Reached skill level 6 in Polearms
  2319 | D:3      | Reached XP level 5. HP: 34/39 MP: 5/5
  2774 | D:4      | Noticed a phantom
  2789 | D:4      | Reached skill level 7 in Polearms
  2789 | D:4      | Reached skill level 1 in Armour
  2789 | D:4      | Reached skill level 5 in Dodging
  2818 | D:4      | Killed a phantom
  2818 | D:4      | Reached XP level 6. HP: 28/46 MP: 6/6
  3019 | D:4      | Reached skill level 8 in Polearms
  3387 | D:4      | Noticed Deemzul's ghost (amateur OpFi)
  3404 | D:4      | Killed Deemzul's ghost
  3415 | D:4      | Reached skill level 1 in Stealth
  3415 | D:4      | Reached XP level 7. HP: 50/52 MP: 7/7
  3719 | D:4      | Reached skill level 9 in Polearms
  3774 | D:5      | Entered Level 5 of the Dungeon
  3815 | D:5      | Noticed Deemzul's ghost (novice OpBe)
  4119 | D:5      | Found a staircase to the Ecumenical Temple.
  4125 | Temple   | Entered the Ecumenical Temple
  4442 | Temple   | Became a worshipper of Gozag Ym Sagoz the Greedy
  4702 | D:5      | Killed Deemzul's ghost
  4702 | D:5      | Reached skill level 10 in Polearms
  4702 | D:5      | Reached XP level 8. HP: 13/61 MP: 8/8
  4913 | D:5      | Noticed Pikel
  4942 | D:5      | Killed Pikel
  4942 | D:5      | Reached skill level 5 in Fighting
  4942 | D:5      | Reached skill level 11 in Polearms
  4942 | D:5      | Reached XP level 9. HP: 17/68 MP: 9/9
  5361 | D:5      | Reached skill level 12 in Polearms
  5762 | D:6      | Found Xeakk's General Store.
  5788 | D:6      | Bought a scroll of blinking for 112 gold pieces
  5788 | D:6      | Bought a potion of mutation for 37 gold pieces
  5907 | D:6      | You fall through a shaft for 2 floors!
  6291 | D:8      | Reached skill level 13 in Polearms
  6542 | D:7      | Noticed Duvessa
  6543 | D:7      | Noticed Dowan
  6568 | D:7      | Killed Dowan
  6570 | D:7      | Killed Duvessa
  6956 | D:7      | Reached XP level 10. HP: 76/76 MP: 10/10
  6977 | D:7      | Reached skill level 14 in Polearms
  7822 | D:6      | Reached skill level 15 in Polearms
  7822 | D:6      | Reached skill level 5 in Armour
  7822 | D:6      | Reached skill level 10 in Dodging
  7822 | D:6      | Reached XP level 11. HP: 87/87 MP: 13/13
  9091 | D:8      | Found a staircase to the Lair.
  9500 | D:9      | Got a faintly humming leather armour
  9511 | D:9      | Identified the +3 leather armour "Ninum" {rN+ Dex+2} (You found it on level 9 of the Dungeon)
  9716 | D:9      | Reached skill level 16 in Polearms
 10433 | D:9      | Found a staircase to the Orcish Mines.
 10527 | D:9      | Noticed an orange crystal statue
 10953 | D:9      | Reached skill level 5 in Stealth
 11136 | Orc:1    | Entered Level 1 of the Orcish Mines
 11144 | Orc:1    | Noticed an orc sorcerer
 11159 | Orc:1    | Killed an orc sorcerer
 11252 | Orc:1    | HP: 3/89 [orc warrior/trident (11)]
 11258 | Orc:1    | HP: 2/89 [poisoned by an orc warrior]
 11270 | Orc:1    | Slain by a warg

Vault maps used:
D:1:      nicolae_arrival_memento_mori
D:2:      grunt_decor_mini_mirrors
D:3:      kennysheep_potato
D:4:      first_bread, serial_bayou_lake_a
D:5:      uniq_pikel
D:6:      serial_shops, shop, minmay_misc_feat_tiny
D:7:      corexii_shack_village, uniq_duvessa
D:8:      grunt_lair_entry_orc_guard_hut
D:9:      minmay_statue_hallways, erik_orc_1
Temple:   nicolae_temple_the_god_donut
Orc:1:    nicolae_orc_tapped_out

Skill      XL: |  1  2  3  4  5  6  7  8  9 10 11 |
---------------+----------------------------------+-----
Polearms       | 5 6 7 8 10 11 13 15 16 | 16.7
Armour         | 1 2 3 5 |  5.4
Dodging        | 5 6 7 8 10 11 | 11.3
Fighting       | 3 4 5 6 8 9 |  9.5
Stealth        | 1 2 3 4 5 |  5.0
Evocations     | 2 |  2.8
Throwing       | |  2.1

Action                   |  1- 3 |  4- 6 |  7- 9 | 10-12 || total
-------------------------+-------+-------+-------+-------++-------
Melee: Trident           |   114 |     8 |       |       ||   122
       Glaive            |       |   132 |   281 |   482 ||   895
       Tailslap          |       |     2 |     1 |       ||     3
Throw: Throwing net      |       |     2 |     2 |       ||     4
Invok: Potion Petition   |       |       |     1 |       ||     1
       Call Merchant     |       |       |       |     2 ||     2
  Use: Scroll            |       |     1 |     6 |     4 ||    11
       Potion            |       |       |     4 |    10 ||    14
 Stab: Sleeping          |     1 |     3 |     1 |     8 ||    13
       Held in net/web   |       |     3 |     1 |       ||     4
       Distracted        |       |       |     5 |     8 ||    13
  Eat: Chunk             |     1 |     7 |     2 |       ||    10
       Bread ration      |       |       |     3 |     1 ||     4
       Pizza             |       |       |       |     4 ||     4
       Fruit             |       |       |       |     2 ||     2
       Beef jerky        |       |       |       |     2 ||     2
Armor: Leather armour    |    28 |    24 |    11 |    64 ||   127
       Robe              |       |       |    33 |    33 ||    66
Dodge: Dodged            |    65 |    81 |   242 |   431 ||   819
